 Dungeon Crawl Stone Soup version 0.28-a0-1206-g193881aaa2 (webtiles) character file.

Game seed: 1645084657220447895

25066 halfoni the Fighter (level 13, -1/111 HPs)
             Began as a Human Berserker on Dec 21, 2021.
             Was a High Priest of Trog.
             Slain by a skeletal warrior (23 damage)
             ... on level 12 of the Dungeon.
             The game lasted 00:39:55 (21793 turns).

halfoni the Fighter (Human Berserker)              Turns: 21793, Time: 00:39:55

Health: -1/111     AC: 22    Str: 22    XL:     13   Next: 47%
Magic:  13/13      EV:  8    Int: 10    God:    Trog [*****.]
Gold:   219        SH: 15    Dex: 13    Spells: 12/12 levels left

rFire   + + .      SeeInvis .   m - +2 war axe (venom)
rCold   . . .      Faith    .   H - +0 kite shield
rNeg    . . .      Spirit   .   p - +3 plate armour {rF+}
rPois   +          Reflect  +   (no helmet)
rElec   .          Harm     .   z - +0 cloak
rCorr   .          Rampage  .   (no gloves)
Will    .....                   A - +2 pair of boots
Stlth   ..........              f - amulet of reflection
HPRegen 0.28/turn               j - ring of poison resistance
MPRegen 0.13/turn               K - ring of Tulips {rF+ Int+2}

@: about to teleport, on berserk cooldown
A: no striking features
a: Renounce Religion, Berserk, Trog's Hand, Brothers in Arms


You were on level 12 of the Dungeon.
You worshipped Trog.
Trog was extremely pleased with you.
You visited 1 branch of the dungeon, and saw 13 of its levels.
You also visited: Ossuary.

You collected 767 gold pieces.
You spent 548 gold pieces at shops.

Inventory:

Hand Weapons
 m - a +2 war axe of venom (weapon)
 D - a +3 battleaxe of freezing
 F - a +1 war axe of flaming
Armour
 p - a +3 plate armour of fire resistance (worn)
 z - a +0 cloak (worn)
 A - a +2 pair of boots (worn)
 H - a +0 kite shield (worn)
Magical Staves
 I - a staff of conjuration
Jewellery
 f - an amulet of reflection (around neck)
 j - a ring of poison resistance (left hand)
 B - an amulet of magic regeneration
 K - the ring of Tulips (right hand) {rF+ Int+2}
   (You bought it in a shop on level 13 of the Dungeon)

   [ring of protection from fire]

   Int:       It affects your intelligence (+2).
   rF:        It protects you from fire.
Wands
 b - a wand of iceblast (23)
 q - a wand of digging (1)
 w - a wand of acid (11)
 y - a wand of flame (7)
 G - a wand of mindburst (1)
Scrolls
 e - 4 scrolls of vulnerability
 h - 2 scrolls of magic mapping
 k - a scroll of identify
 s - a scroll of fog
 v - a scroll of brand weapon
 C - a scroll of enchant weapon
 E - a scroll of acquirement
 J - a scroll of enchant armour
Potions
 a - 4 potions of flight
 c - 3 potions of brilliance
 d - 4 potions of resistance
 i - a potion of magic
 l - 7 potions of curing
 o - 3 potions of attraction
 r - a potion of haste
 t - 3 potions of mutation
 u - 2 potions of might
 x - a potion of cancellation {unknown}


   Skills:
 * Level 13.5 Fighting
 + Level 13.5 Axes
 + Level 10.4 Armour
 * Level 7.6 Dodging
 * Level 7.2 Shields


You had 12 spell levels left.
You didn't know any spells.
Your spell library was empty.

Dungeon Overview and Level Annotations

Branches:
Dungeon (13/15)            Temple (0/1) D:7            Lair (0/6) D:11
    Orc (0/2) D:12        Ossuary (visited)
 Vaults: D:13-14

Altars:
Ashenzari
Cheibriados
Dithmenos
Elyvilon
Fedhas
Makhleb
Trog
Vehumet
Wu Jian
Xom
Zin

Shops:
D:2 (   D:4 (   D:9 *   D:13 =

Portals:
Trove: D:13 (give 6 scrolls of blinking)

Annotations:
D:10 1 runed translucent door
D:11 3 runed translucent doors, Foxy's ghost, journeyman VSFi
D:12 3 runed translucent doors, Acvun's ghost, journeyman GnMo; Koromur's ghost, journeyman DrDe; Owiud's ghost, journeyman HuFi; Zeatusch's ghost, journeyman GrFi


Message History

The skeletal warrior hits you with a +3 short sword!
You slash the withered plant!
The withered plant begins to crumble.
The withered plant is lightly damaged.
You hit the skeletal warrior but do no damage.
The skeletal warrior barely misses you.
The skeletal warrior hits the withered plant with a +0 dire flail!!
The withered plant begins to crumble.
The skeletal warrior hits you with a +3 short sword!
The skeletal warrior hits the withered plant with a +0 dire flail!!
The withered plant begins to crumble.
The withered plant crumbles away.
The skeletal warrior hits you with a +3 short sword!
* * * LOW HITPOINT WARNING * * *
The withered plant crumbles away.
The withered plant crumbles away.
The skeletal warrior hits you with a +0 dire flail!!
* * * LOW HITPOINT WARNING * * *
The skeletal warrior hits you but does no damage.
There is a stone staircase leading up, spattered with blood here.
You feel much better.
You block the skeletal warrior's attack. x2
Your library has no spells.
You feel yourself speed up.
The skeletal warrior hits you with a +3 short sword!
* * * LOW HITPOINT WARNING * * *
The skeletal warrior barely misses you.
You climb upwards.
Level annotation: 3 runed translucent doors, Acvun's ghost, journeyman GnMo; Koromur's ghost, journeyman DrDe; Owiud's ghost, journeyman HuFi; Zeatusch's ghost, journeyman GrFi
There is a stone staircase leading down, spattered with blood here.
As you read the scroll of teleportation, it crumbles to dust.
You feel strangely unstable.
The skeletal warrior hits you with a +3 short sword.
* * * LOW HITPOINT WARNING * * *
The skeletal warrior closely misses you.
You hit the skeletal warrior.
The skeletal warrior is lightly damaged.
You hit the skeletal warrior.
The skeletal warrior hits you but does no damage.
The skeletal warrior hits you with a +0 dire flail!!
You die...

#............# #.# #.
#............# #.# #.
#......(.....# #.# #.
#............# #.# #.
######............# #.# #.
..................#
#.######.
..................#
#........
#######...[....[.z#
#........ #[.......)@z#
#.####### #...........# #.#
# #...........# #(# #
#...........# #.# #
#(..........# #.# #
#...........#######.# #
#...................# #
###+++####..........# #
######:...WWWW[#...######.#
##


You could see 2 skeletal warriors.

Vanquished Creatures
  A hydra (D:11)
  A boulder beetle (D:13)
  A centaur warrior (D:13)
  3 two-headed ogres
  Urug (D:10)
  A fire crab (shapeshifter) (D:13)
  The ghost of DrKleor the Fighter, a novice DsFi (D:7)
  9 skeletal warriors
  Pikel (D:7)
  An oklob plant (D:13)
  5 cyclopes
  2 ugly things
  Maggie (D:8)
  2 gargoyles
  3 yaktaurs (D:12)
  4 trolls
  A hornet (D:8)
  A meliai zombie (D:13)
  2 wyverns (D:9)
  14 yaks
  A shadow (D:13)
  3 wraiths
  2 basilisks
  2 steam dragons
  4 vampire mosquitoes
  An acid dragon (D:10)
  A water moccasin (D:6)
  A hornet zombie (D:13)
  3 orc warriors
  A black bear (D:6)
  A sky beast (D:6)
  3 centaurs
  An ogre (D:5)
  2 lemures (D:7)
  A phantom (D:4)
  4 kobold brigands
  6 bullfrogs
  2 gnoll sergeants
  A water moccasin zombie (D:5)
  A scorpion (D:5)
  A water moccasin skeleton (D:6)
  12 wights
  An electric eel (D:9)
  2 bullfrog zombies
  A howler monkey (D:12)
  2 spectral centaurs (D:7)
  7 centaur zombies
  6 hounds
  10 jellies
  8 orc priests
  2 bullfrog skeletons
  2 human zombies (Ossuary)
  An iron imp (D:10)
  3 iguanas
  Ijyb (D:4)
  A centaur skeleton (D:6)
  10 orc wizards
  A centaur simulacrum (D:7)
  6 mummies
  2 howler monkey zombies
  9 gnolls
  4 howler monkey skeletons
  7 adders
  3 shadow imps
  An ufetubus (D:6)
  3 worms
  2 dart slugs (D:1)
  53 orcs
  5 ball pythons
  25 endoplasms
  5 giant cockroaches
  2 gnoll zombies (Ossuary)
  7 hobgoblins
  3 jackals (D:4)
  16 kobolds
  3 quokkas
  6 bats
  3 frilled lizards
  7 goblins
  A hobgoblin zombie (Ossuary)
  An orc zombie (Ossuary)
  2 rats
343 creatures vanquished.

Vanquished Creatures (others)
  A centaur warrior (D:13)
  A troll (D:13)
  7 fungi
  A plant (D:7)
  6 toadstools (D:3)
  4 withered plants (D:13)
20 creatures vanquished.

Grand Total: 363 creatures vanquished

Notes
Turn   | Place    | Note
-------+----------+-------------------------------------------
     0 | D:1      | halfoni the Human Berserker began the quest for the Orb.
     0 | D:1      | Reached XP level 1. HP: 18/18 MP: 1/1
    84 | D:1      | Reached XP level 2. HP: 24/24 MP: 2/2
   558 | D:1      | Found a faded altar of an unknown god.
   655 | D:1      | Reached XP level 3. HP: 28/29 MP: 3/3
   716 | D:1      | Reached ** piety under Trog
   859 | D:2      | Found a glowing silver altar of Zin.
   975 | D:2      | Found Soismuusk's Weapon Shoppe.
  1151 | D:2      | Bought a +0 war axe for 42 gold pieces
  1206 | D:2      | Reached XP level 4. HP: 35/35 MP: 4/4
  2175 | D:3      | Found a shadowy altar of Dithmenos.
  2215 | D:3      | Reached XP level 5. HP: 36/41 MP: 5/5
  2379 | D:3      | Noticed a bullfrog
  2387 | D:3      | Killed a bullfrog
  2388 | D:3      | Reached skill level 5 in Axes
  2388 | D:3      | Reached XP level 6. HP: 48/48 MP: 6/6
  2893 | D:3      | Reached *** piety under Trog
  3048 | D:4      | Found Pubos's Weapon Boutique.
  3111 | D:4      | Noticed Ijyb
  3119 | D:4      | Killed Ijyb
  3170 | D:4      | Found a sand-covered staircase.
  3188 | Ossuary  | Entered an ossuary
  3374 | Ossuary  | Reached XP level 7. HP: 52/54 MP: 7/7
  4135 | D:4      | You fall into a shaft and drop 2 floors!
  4222 | D:6      | Reached XP level 8. HP: 27/61 MP: 8/8
  4667 | D:6      | Noticed a two-headed ogre
  4742 | D:5      | Entered Level 5 of the Dungeon
  5829 | D:5      | Reached skill level 5 in Fighting
  6575 | D:4      | Reached skill level 5 in Armour
  6695 | D:4      | Identified a scroll of acquirement
  6695 | D:4      | Acquired a manual of Fighting
  6777 | D:4      | Found a bloodstained altar of Trog.
  7184 | D:6      | Reached XP level 9. HP: 62/68 MP: 9/9
  7905 | D:6      | Killed a two-headed ogre
  7977 | D:6      | Noticed a two-headed ogre
  7986 | D:6      | Killed a two-headed ogre
  7987 | D:6      | Reached skill level 10 in Axes
  7987 | D:6      | Reached XP level 10. HP: 67/80 MP: 10/10
  9114 | D:7      | Found an ornate altar of the Wu Jian Council.
  9178 | D:7      | Found a staircase to the Ecumenical Temple.
  9330 | D:7      | Noticed Pikel
  9339 | D:7      | Killed Pikel
  9418 | D:7      | Found a radiant altar of Vehumet.
  9657 | D:7      | Found a runed translucent gate.
  9657 | D:7      | Found a runed translucent gate.
  9657 | D:7      | Found a runed translucent gate.
  9659 | D:7      | Noticed DrKleor's ghost (novice DsFi)
 10702 | D:8      | Noticed Maggie
 10718 | D:9      | Found Cophobocw's Commerce Corner.
 10922 | D:8      | Reached **** piety under Trog
 11034 | D:9      | Reached skill level 1 in Shields
 12368 | D:8      | Found a broken altar of Ashenzari.
 12456 | D:8      | Killed Maggie
 13059 | D:9      | Reached XP level 11. HP: 89/89 MP: 11/11
 13313 | D:9      | Found a blossoming altar of Fedhas.
 13486 | D:9      | Found a white marble altar of Elyvilon.
 13969 | D:9      | Noticed a two-headed ogre
 13978 | D:9      | Killed a two-headed ogre
 14197 | D:10     | Entered Level 10 of the Dungeon
 14197 | D:10     | Found a snail-covered altar of Cheibriados.
 14503 | D:10     | Reached skill level 10 in Fighting
 14594 | D:10     | Noticed Urug
 14622 | D:10     | Killed Urug
 14623 | D:10     | Reached skill level 5 in Dodging
 14852 | D:10     | Found a runed translucent door.
 14852 | D:10     | Found a burning altar of Makhleb.
 14852 | D:10     | Noticed a sixfirhy
 15499 | D:11     | Noticed a four-headed hydra
 15514 | D:11     | Killed a one-headed hydra
 15605 | D:11     | Noticed a brown ugly thing
 15623 | D:11     | Killed a brown ugly thing
 15848 | D:11     | Found a runed translucent gate.
 15849 | D:11     | Found a runed translucent gate.
 15850 | D:11     | Found a runed translucent gate.
 15952 | D:11     | Found a staircase to the Lair.
 16004 | D:11     | Noticed Foxy's ghost (journeyman VSFi)
 16410 | D:7      | Killed DrKleor's ghost
 16411 | D:7      | Reached XP level 12. HP: 100/100 MP: 12/12
 16848 | D:12     | Noticed a skeletal warrior
 16853 | D:12     | Noticed a skeletal warrior
 16854 | D:12     | Noticed a skeletal warrior
 16865 | D:12     | Killed a skeletal warrior
 16872 | D:12     | Noticed a skeletal warrior
 16937 | D:11     | Killed a skeletal warrior
 17820 | D:12     | Killed a skeletal warrior
 17876 | D:12     | Killed a skeletal warrior
 17877 | D:12     | Reached skill level 5 in Shields
 18126 | D:12     | Found a staircase to the Orcish Mines.
 18719 | D:12     | Paralysed by a centaur for 6 turns
 19086 | D:12     | Found a runed translucent gate.
 19086 | D:12     | Found a runed translucent gate.
 19086 | D:12     | Found a runed translucent gate.
 19087 | D:12     | Noticed Koromur's ghost (journeyman DrDe)
 19087 | D:12     | Noticed Zeatusch's ghost (journeyman GrFi)
 19088 | D:12     | Noticed Acvun's ghost (journeyman GnMo)
 19088 | D:12     | Noticed Owiud's ghost (journeyman HuFi)
 19202 | D:12     | Reached ***** piety under Trog
 19578 | D:13     | Noticed a skeletal warrior
 19578 | D:13     | Noticed a skeletal warrior
 19605 | D:12     | Killed a skeletal warrior
 19689 | D:12     | Killed a skeletal warrior
 19852 | D:13     | Reached skill level 10 in Armour
 19954 | D:13     | Noticed a skeletal warrior
 19990 | D:13     | Killed a skeletal warrior
 20131 | D:13     | Killed a centaur warrior
 20143 | D:13     | Reached XP level 13. HP: 109/109 MP: 13/13
 20223 | D:13     | Noticed a boulder beetle
 20241 | D:13     | Killed a boulder beetle
 20309 | D:13     | Found a shimmering altar of Xom.
 20757 | D:13     | Noticed a centaur warrior
 20766 | D:13     | Killed a centaur warrior
 21171 | D:13     | HP: 1/111 [oklob plant/splash of acid (18)]
 21649 | D:13     | Found a portal to a secret trove of treasure.
 21674 | D:13     | Found Sod Igh's One-of-a-Kind Rings.
 21680 | D:13     | Bought the ring of Tulips {rF+ Int+2} for 506 gold pieces
 21793 | D:12     | Slain by a skeletal warrior

Illustrated notes

Levels and vault maps discovered:
D:1:      dpeg_arrival_three_same_balls, layout_rooms,
          hellmonk_ecumenical_altar_inner_sanctum
D:2:      layout_basic, serial_shops, shop, basic_altar
D:3:      layout_loops_ring, lemuel_tele_altar, minmay_gold_behind_fungi,
          wander_ebering_terrifying_dragon_lair
D:4:      layout_rooms, lightli_temple_of_fire, chequers_ossuary_entry_cave,
          serial_shops, nicolae_shop_hallway_plus, uniq_ijyb
D:5:      layout_gridville, st_stairs_12
D:6:      layout_basic, hangedman_abyss_or_decor_jellyfish_corner,
          nzn_random_ring
D:7:      layout_gridville, mainiacjoe_overflow_brackets,
          pdpol_wu_jian_five_deadly_venoms, minmay_temple_entry_gardened_gates,
          gammafunk_ghost_necromancy, kennysheep_generic_room_15, uniq_pikel
D:8:      layout_cave_pools, mainiacjoe_overflow_alcove_1, serial_column_ruins,
          column_ruins_grid_4, column_ruins_columns_dead_end,
          column_ruins_grid_1, column_ruins_open_large,
          kennysheep_generic_room_11, uniq_maggie
D:9:      layout_big_octagon, mainiacjoe_overflow_24_doors,
          mainiacjoe_overflow_paths, grunt_ministairs_9, nicolae_alphabet_shops
D:10:     layout_loops_ring, slow_altar_1, nzn_makhleb_speed_demon, uniq_urug
D:11:     layout_cave_pools, lair_entry_dummy, gammafunk_ghost_icy
D:12:     layout_long_grid, hiddenorc2_lemuel, gammafunk_ghost_cemetery
D:13:     lemuel_slime, layout_rooms, david_vaults_5,
          nicolae_trove_entry_columns, serial_undead, serial_undead_a,
          serial_undead_a, serial_undead_e, serial_undead_d, serial_undead_b,
          serial_undead_a, minmay_strange_pillars, nicolae_shop_unique_rings,
          xom_confusion_cloud

Skill      XL: |  1  2  3  4  5  6  7  8  9 10 11 12 13 |
---------------+----------------------------------------+-----
Axes           | 4 5 6 7 10 12 13 | 13.5
Armour         | 3 4 5 7 8 9 10 | 10.4
Fighting       | 4 5 7 9 11 12 13 | 13.5
Dodging        | 3 4 5 6 7 |  7.6
Shields        | 2 4 6 7 |  7.2

Action                   |  1- 3 |  4- 6 |  7- 9 | 10-12 | 13-15 || total
-------------------------+-------+-------+-------+-------+-------++-------
Melee: Hand axe          |    81 |       |       |       |       ||    81
       War axe           |    10 |   113 |   226 |   597 |   144 ||  1090
Invok: Berserk           |     1 |     4 |     9 |    25 |     3 ||    42
  Use: Scroll            |       |       |    16 |    11 |     1 ||    28
       Potion            |       |       |       |     2 |     2 ||     4
 Stab: Sleeping          |     1 |       |       |       |       ||     1
       Distracted        |     1 |       |       |       |       ||     1
Armor: Animal skin       |     3 |       |       |       |       ||     3
       Ring mail         |    27 |    39 |    54 |       |       ||   120
       Plate armour      |       |       |    67 |   320 |    55 ||   442
Dodge: Dodged            |    53 |    60 |   107 |   191 |    30 ||   441
Block: Buckler           |       |       |       |    50 |       ||    50
       Kite shield       |       |       |       |   160 |   105 ||   265
       Reflection        |       |       |       |    10 |     5 ||    15

Table legend: (Time is in decaauts)
 A = Elapsed time spent in this place.
 B = Non-inter-level travel time spent in this place.
 C = Inter-level travel time spent in this place.
 D = Time resting spent in this place.
 E = Time spent auto-exploring this place.
 F = Levels seen in this place.
 G = Mean time per level.
                   A        B        C        D        E       F      G
               +--------+--------+--------+--------+--------+-----+--------+
         Total |  22305 |  22129 |    176 |   9518 |   7974 |  14 | 1593.2 |
       Dungeon |  21522 |  21346 |    176 |   9253 |   7678 |  13 | 1655.5 |
       Ossuary |    782 |    782 |      0 |    265 |    296 |   1 |  782.0 |
               +--------+--------+--------+--------+--------+-----+--------+

Top non-repeatable levels by time:
     D:9: 2802 daAuts
     D:6: 2800 daAuts
    D:12: 2229 daAuts
    D:13: 1914 daAuts
     D:5: 1894 daAuts
     D:7: 1728 daAuts
    D:10: 1666 daAuts
    D:11: 1641 daAuts
     D:3: 1248 daAuts
     D:8: 1055 daAuts
     D:2: 971 daAuts
     D:1: 876 daAuts
 Ossuary: 782 daAuts
     D:4: 694 daAuts
